 Dungeon Crawl Stone Soup version 0.24.0-125-gc4c63601f3 (webtiles) character file.

Game seed: 1022698063783600311, levelgen mode: deterministic

93 Amplified the Magician (level 4, -3/33 HPs)
             Began as a Mummy Venom Mage on Feb 29, 2020.
             Slain by a centaur (7 damage)
             ... on level 2 of the Dungeon.
             The game lasted 00:03:14 (1299 turns).

Amplified the Magician (Mummy Venom Mage)           Turns: 1299, Time: 00:03:15

Health: -3/33      AC:  2    Str: 11    XL:     4   Next: 37%
Magic:  6/10       EV: 12    Int: 15    God:
Gold:   57         SH:  0    Dex: 12    Spells: 9/12 levels left

rFire    x . .     SeeInvis .   h - +1 flail
rCold    + . .     Gourm    .   (no shield)
rNeg     + + +     Faith    .   a - +0 robe
rPois    ∞         Spirit   .   (no helmet)
rElec    .         Reflect  .   (no cloak)
rCorr    .         Harm     .   (no gloves)
MR       .....                  (no boots)
Stlth    ++........             (no amulet)
HPRegen  0.11/turn              b - +5 ring of slaying
MPRegen  0.12/turn              (no ring)

@: no status effects
A: no food or potions, fire vulnerability, cold resistance 1, negative energy
resistance 3, torment resistance, unbreathing
a: no special abilities


You were on level 2 of the Dungeon.
You were not hungry.

You visited 1 branch of the dungeon, and saw 2 of its levels.

You collected 57 gold pieces.

Inventory:

Hand Weapons
 h - a +1 flail (weapon)
Armour
 a - a +0 robe (worn)
Jewellery
 b - a +5 ring of slaying (left hand)
Scrolls
 d - a scroll of fear


   Skills:
 * Level 1.8 Fighting
 * Level 0.0 Maces & Flails
 - Level 1.5 Dodging
 - Level 1.5 Stealth
 * Level 4.5 Spellcasting
 - Level 0.7 Conjurations
 - Level 3.0 Poison Magic


You had 9 spell levels left.
You knew the following spells:

 Your Spells              Type           Power        Failure   Level  Hunger
a - Sting                 Conj/Pois      #...         9%          1    N/A
b - Poisonous Vapours     Pois/Air       #.....       14%         2    N/A

Your spell library contained the following spells:

 Spells                   Type           Power        Failure   Level  Hunger
 Mephitic Cloud           Conj/Pois/Air  #.......     30%         3    N/A
 Olgreb's Toxic Radiance  Pois           ##......     45%         4    N/A
 Venom Bolt               Conj/Pois      #.........   92%         5    N/A

Dungeon Overview and Level Annotations

Branches:
Dungeon (2/15)

Altars:


Innate Abilities, Weirdness & Mutations

You do not eat or drink.
Your flesh is vulnerable to fire.
You are immune to poison.
Your flesh is cold resistant. (rC+)
You are immune to negative energy. (rN+++)
You are immune to unholy pain and torment.
You can survive without breathing.


Message History

Unknown command.
You sock the hobgoblin!
You kill the hobgoblin!
The centaur shoots an arrow.
The arrow hits you.
The centaur shoots an arrow.
The arrow hits you!
The centaur shoots an arrow.
The arrow closely misses you.
Things that are here:
an arrow; a +0 club; a hobgoblin corpse The centaur unwields a +0 shortbow.
The centaur hits you!
You are too injured to fight recklessly!
You barely miss the centaur.
The centaur is severely wounded.
The centaur barely misses you. The centaur hits you.
* * * LOW HITPOINT WARNING * * *
You hit the centaur but do no damage.
The centaur is almost dead.
The centaur hits you.
* * * LOW HITPOINT WARNING * * *
The centaur hits you!
You die...

.. #. #^ #. #.
##+### #.
######....
#####.###.....).#
#....c@(((# #).##
#.###.###.#
##...###.# #.
#.###.........
#.###.##.....###.#
#........#..##
#####.####..####.#
##.####.......#
.........######
########.#


You could see a centaur.

Vanquished Creatures
  Jessica (D:2)
  3 gnolls (D:2)
  An adder (D:2)
  An ooze (D:1)
  A leopard gecko (D:2)
  2 giant cockroaches
  5 goblins
  2 hobgoblins
  5 kobolds (D:1)
  2 bats
  A frilled lizard (D:2)
  3 rats
27 creatures vanquished.

Notes
Turn   | Place    | Note
-------+----------+-------------------------------------------
     0 | D:1      | Amplified the Mummy Venom Mage began the quest for the Orb.
     0 | D:1      | Reached XP level 1. HP: 13/13 MP: 4/4
   125 | D:1      | Reached skill level 3 in Spellcasting
   190 | D:1      | Reached XP level 2. HP: 19/20 MP: 4/6
   245 | D:1      | Learned a level 2 spell: Poisonous Vapours
   662 | D:2      | Reached skill level 1 in Fighting
   803 | D:2      | Reached XP level 3. HP: 24/26 MP: 2/8
   842 | D:2      | Reached skill level 4 in Spellcasting
  1139 | D:2      | Noticed Jessica
  1148 | D:2      | Killed Jessica
  1148 | D:2      | Reached XP level 4. HP: 33/33 MP: 6/10
  1292 | D:2      | Noticed a centaur
  1299 | D:2      | Slain by a centaur

Levels and vault maps discovered:
D:1:      lightli_arrival_flooded_house, layout_loops_ring
D:2:      layout_loops_corners, uniq_jessica

Skill      XL: |  1  2  3 |
---------------+----------+-----
Spellcasting   | 3 4 |  4.5
Fighting       | 1 |  1.8
Poison Magic   | 3 |  3.0
Dodging        | |  1.5
Stealth        | |  1.5
Conjurations   | |  0.7

Action                   |  1- 3 |  4- 6 || total
-------------------------+-------+-------++-------
Melee: Unarmed           |    36 |       ||    36
       Whip              |     2 |       ||     2
       Flail             |       |     5 ||     5
 Cast: Sting             |    39 |       ||    39
       Poisonous Vapours |     3 |     3 ||     6
  Use: Scroll            |     2 |     2 ||     4
Armor: Robe              |     9 |     1 ||    10
Dodge: Dodged            |    33 |     2 ||    35
